 Dungeon Crawl Stone Soup version 0.24.0-1-gfbc8707 (webtiles) character file.

Game seed: 1462527253627976523, levelgen mode: deterministic

10 ShyOblivion the Gusty (level 2, 0/20 HPs)
             Began as a Draconian Air Elementalist on Oct 31, 2019.
             Slain by a hobgoblin
             ... wielding a +0 club
              (3 damage)
             ... on level 1 of the Dungeon.
             The game lasted 00:05:01 (641 turns).

ShyOblivion the Gusty (Draconian Air Elementalist)   Turns: 641, Time: 00:05:02

Health: 0/20       AC:  4    Str: 10    XL:     2   Next: 10%
Magic:  5/5        EV: 12    Int: 15    God:
Gold:   47         SH:  0    Dex: 11    Spells: 4/5 levels left

rFire    . . .     SeeInvis .   f - +0 dagger
rCold    . . .     Gourm    .   (no shield)
rNeg     . . .     Faith    .   (armour unavailable)
rPois    .         Spirit   .   (helmet restricted)
rElec    .         Reflect  .   (no cloak)
rCorr    .         Harm     .   (no gloves)
MR       .....                  (no boots)
Stlth    ++........             (no amulet)
HPRegen  0.06/turn              (no ring)
MPRegen  0.09/turn              (no ring)

@: no status effects
A: unfitting armour, cold-blooded, AC +4
a: no special abilities


You were on level 1 of the Dungeon.
You were not hungry.

You visited 1 branch of the dungeon, and saw 1 of its levels.

You collected 47 gold pieces.

Inventory:

Hand Weapons
 f - a +0 dagger (weapon)
 h - a +0 hunting sling
Missiles
 g - 3 stones (quivered)
 i - 13 arrows
Armour
 c - a +0 ring mail
Jewellery
 e - an uncursed amulet of harm {unknown}
Scrolls
 d - a scroll of identify {unknown}
Potions
 a - a potion of flight {unknown}
Comestibles
 b - a ration


   Skills:
 + Level 1.9 Dodging
 + Level 1.8 Stealth
 + Level 0.3 Unarmed Combat
 + Level 2.1 Spellcasting
 + Level 1.0 Conjurations
 + Level 3.3 Air Magic


You had 4 spell levels left.
You knew the following spells:

 Your Spells              Type           Power        Failure   Level  Hunger
a - Shock                 Conj/Air       #...         9%          1    #......

Your spell library contained the following spells:

 Spells                   Type           Power        Failure   Level  Hunger
 Swiftness                Chrm/Air       #.......     17%         2    ###....
 Static Discharge         Conj/Air       #.......     26%         3    ###....
 Airstrike                Air            ##........   50%         4    #####..
 Lightning Bolt           Conj/Air       #.........   94%         5    ######.


Dungeon Overview and Level Annotations

Branches:
Dungeon (1/15)

Altars:


Innate Abilities, Weirdness & Mutations

Your plain brown scales are hard. (AC +4)
You cannot fit into any form of body armour.
You are cold-blooded and may be slowed by cold attacks.


Message History

Found 8 gold pieces.
You see here a short sword.
You barely miss the hobgoblin.
The hobgoblin hits you but does no damage.
You hit the hobgoblin.
The hobgoblin is moderately wounded.
The hobgoblin hits you with a +0 club.
You barely miss the hobgoblin.
The hobgoblin is moderately wounded.
You hit the hobgoblin but do no damage.
The hobgoblin is moderately wounded.
The hobgoblin hits you but does no damage.
You hit the hobgoblin.
The hobgoblin is almost dead.
The hobgoblin hits you with a +0 club.
* * * LOW HITPOINT WARNING * * *
You hit the hobgoblin but do no damage.
The hobgoblin is almost dead.
The hobgoblin hits you with a +0 club.
You die...

#..#.............#
#..#.#.#####.###.#####...#### ###
#............................ ...
...#.#.#####.###.#####........###
#..#.#.#####.###.##### ......#..
#..#>................+ ......'..
.....#.#########.##### ......#.#
#.##.#.# #####'## ##### #)#
#.##.#.#####....@.# #########.#
...........+...g....$...........#
#.##.#.#####......##########.....
#..#.#.# #......# #.....
#..#.#.### #####+## ##.....
.........#######.##########......
#..#.#....................#......
##.#.............##...#####......
##.#.#.############..............


You could see a hobgoblin.

Vanquished Creatures
  A dart slug (D:1)
  2 goblins (D:1)
  A hobgoblin (D:1)
  A kobold (D:1)
  2 bats (D:1)
7 creatures vanquished.

Notes
Turn   | Place    | Note
-------+----------+-------------------------------------------
     0 | D:1      | ShyOblivion the Draconian Air Elementalist began the quest
                  | for the Orb.
     0 | D:1      | Reached XP level 1. HP: 14/14 MP: 3/3
   534 | D:1      | Reached XP level 2. HP: 12/20 MP: 5/5
   641 | D:1      | Slain by a hobgoblin

Levels and vault maps discovered:
D:1:      sevenhm_arrival_forest_fort_small_4, layout_basic,
          chequers_decorated_corner

Action                   || total
-------------------------++-------
Melee: Unarmed           ||    34
       Dagger            ||    11
Armor: Skin              ||    19
Dodge: Dodged            ||    33
